 Dungeon Crawl Stone Soup version 0.19-a0-1320-g0178847 (webtiles) character file.

744 Amnesiac the Ruffian (level 7, 0/105 HPs)
             Began as a Troll Berserker on Aug 31, 2016.
             Was a Believer of Trog.
             Slain by a gnoll (7 damage)
             ... on level 5 of the Dungeon.
             The game lasted 00:02:37 (888 turns).

Amnesiac the Ruffian (Troll Berserker)               Turns: 888, Time: 00:02:38

Health: 0/105      AC:  5    Str: 31    XL:     7   Next: 47%
Magic:  6/6        EV: 11    Int:  3    God:    Trog [**....]
Gold:   71         SH:  0    Dex: 11    Spells: 0 memorised, 6 levels left

rFire  . . .     SeeInvis .       - Unarmed
rCold  . . .     Gourm    +     a - +0 animal skin
rNeg   . . .     Faith    .     (no shield)
rPois  .         Spirit   .     (helmet restricted)
rElec  .         Dismiss  .     (no cloak)
rCorr  .         Reflect  .     (gloves unavailable)
MR     .....     Harm     .     (boots unavailable)
Stlth  ..........               (no amulet)
                                (no ring)
                                (no ring)

@: berserking (expiring), very quick
A: unfitting armour, claws 3, fast metabolism 3, gourmand, regeneration 1,
shaggy fur 1, tough skin 2
a: Berserk, Trog's Hand, Burn Spellbooks, Renounce Religion


You were on level 5 of the Dungeon.
You worshipped Trog.
Trog was pleased with you.
You were completely stuffed.

You visited 1 branch of the dungeon, and saw 5 of its levels.

You collected 71 gold pieces.

Inventory:

Armour
 a - a +0 animal skin (worn)
Wands
 m - a wand of flame (18/48)
Scrolls
 d - a scroll of magic mapping {unknown}
 g - 2 scrolls of teleportation {unknown}
 i - 2 scrolls of remove curse {unknown}
 k - a scroll of identify {unknown}
 l - a scroll of immolation {unknown}
Potions
 e - a potion of agility {unknown}
 f - 2 potions of berserk rage {unknown}
 j - a potion of curing {unknown}
Comestibles
 b - 3 bread rations
 c - 5 chunks of flesh
 h - a slice of pizza
 n - a beef jerky


   Skills:
 + Level 4.2 Fighting
 + Level 4.2 Dodging
 * Level 6.5 Unarmed Combat


You had 6 spell levels left.
You didn't know any spells.

Dungeon Overview and Level Annotations

Branches:
Dungeon (5/15)
 Temple: D:4-7

Altars:


Innate Abilities, Weirdness & Mutations

You are too large for most types of armour.
You have claws for hands.
Your metabolism is lightning-fast.
You like to eat raw meat.
Your natural rate of healing is unusually fast.
You are covered in fur. (AC +1)
You have very tough skin. (AC +2)


Message History

The gnoll hits you.
* * * LOW HITPOINT WARNING * * *
The gnoll closely misses you.
You barely miss the gnoll.
The gnoll splashes around in the water.
The gnoll hits you!
* * * LOW HITPOINT WARNING * * *
The gnoll hits you but does no damage.
You barely miss the gnoll. The gnoll barely misses you.
You claw the gnoll!
You kill the gnoll!
Trog accepts your kill. The gnoll barely misses you.
You closely miss the gnoll. You claw the gnoll!
You kill the gnoll!
Trog accepts your kill. The gnoll hits you!
* * * LOW HITPOINT WARNING * * *
You closely miss the gnoll. You completely miss the gnoll. The gnoll hits you!
You die...

########## ...#....#. g
...'....' # .#....#
#############''''#######
#...............)).......
#≈≈≈≈≈≈≈≈≈≈≈≈..)@g≈≈≈≈≈≈≈
≈≈≈≈≈≈≈≈≈≈≈≈≈....≈≈≈≈≈≈≈≈
≈≈≈≈≈≈(≈≈≈≈≈≈)...≈≈≈≈≈≈≈
......).................
#######.##..........####
#^.....##.<.........#
#......##...........##
#......###........#..####
#......##..........#.......


You could see a gnoll.

Vanquished Creatures
  Pikel (D:4)
  A phantom (D:5)
  2 slaves (D:4)
  An orc priest (D:4)
  An orc wizard (D:4)
  A hound skeleton (D:4)
  8 gnolls (D:5)
  An adder (D:3)
  2 oozes
  2 worms
  A dart slug (D:1)
  A giant gecko (D:1)
  4 orcs
  A goblin (D:1)
  2 hobgoblins
  6 jackals
  A quokka (D:5)
  A bat (D:3)
  A giant newt (D:5)
  2 kobolds (D:1)
  A rat (D:1)
41 creatures vanquished.

Notes
Turn   | Place    | Note
-------+----------+-------------------------------------------
     0 | D:1      | Amnesiac the Troll Berserker began the quest for the Orb.
     0 | D:1      | Reached XP level 1. HP: 22/22 MP: 0/0
    94 | D:1      | Reached XP level 2. HP: 28/29 MP: 1/1
   332 | D:3      | Found a faded altar of an unknown god.
   347 | D:3      | Reached XP level 3. HP: 36/36 MP: 2/2
   374 | D:4      | Noticed a slave
   376 | D:4      | Noticed a slave
   377 | D:4      | Noticed Pikel
   385 | D:4      | Killed a slave
   477 | D:4      | Killed a slave
   516 | D:4      | Noticed a slave
   529 | D:4      | Killed Pikel
   529 | D:4      | Reached skill level 5 in Unarmed Combat
   529 | D:4      | Reached XP level 4. HP: 48/48 MP: 3/3
   529 | D:4      | Reached XP level 5. HP: 54/54 MP: 4/4
   529 | D:4      | Reached XP level 6. HP: 62/62 MP: 5/5
   531 | D:4      | Noticed a freed slave
   608 | D:4      | Reached skill level 6 in Unarmed Combat
   608 | D:4      | Reached XP level 7. HP: 68/68 MP: 6/6
   612 | D:4      | Reached ** piety under Trog
   683 | D:5      | Entered Level 5 of the Dungeon
   888 | D:5      | Slain by a gnoll

Vault maps used:
D:1:      dpeg_arrival_simpleton_c, hangedman_decor_slide_cut,
          hangedman_decor_push
D:2:      grunt_temple_overflow_open, first_bread
D:3:      vehumet_crystals, ecumenical_altar_2
D:4:      makhleb_heckhound_becter, uniq_natasha, uniq_eustachio, uniq_pikel
D:5:      lemuel_castle_with_subvaults, enter_ossuary_2

Skill      XL: |  1  2  3  4  5  6  7 |
---------------+----------------------+-----
Fighting       | 3 4 |  4.2
Dodging        | 3 4 |  4.2
Unarmed Combat | 5 6 |  6.5

Action                   |  1- 3 |  4- 6 |  7- 9 || total
-------------------------+-------+-------+-------++-------
Melee: Unarmed           |    51 |     7 |    59 ||   117
       Punch             |       |     1 |     3 ||     4
Invok: Berserk           |     1 |     1 |     1 ||     3
 Stab: Sleeping          |     1 |       |       ||     1
  Eat: Chunk             |    10 |     2 |     4 ||    16
Armor: Animal skin       |    15 |     1 |    27 ||    43
Dodge: Dodged            |    15 |     4 |    44 ||    63
